 Dungeon Crawl Stone Soup version 0.29.1-12-g30fa7ad0bf (webtiles) character file.

Game seed: 1641452615660985955

67557 KittyFluff the Tortoise (level 15, -6/142 (144) HPs)
             Began as a Gargoyle Berserker on Jan 5, 2023.
             Was a High Priest of Trog.
             Mangled by a dire elephant simulacrum (9 damage)
             ... animated by a necromancer
             ... on level 5 of the Lair of Beasts.
             The game lasted 01:58:27 (25548 turns).

KittyFluff the Tortoise (Gargoyle Berserker)       Turns: 25548, Time: 01:58:27

HP:   -6/142 (144)  AC: 39    Str: 27    XL:     15   Next: 23%
MP:   15/15         EV: 16    Int:  7    God:    Trog [*****.]
Gold: 916           SH: 13    Dex: 17    Spells: 14/14 levels left

rFire   + . .      SeeInvis +   a - +2 flail (protect)
rCold   . . .      Faith    .   l - +0 kite shield
rNeg    + + .      Spirit   .   g - +0 acid dragon scales
rPois   ∞          Reflect  .   s - +2 helmet
rElec   +          Harm     .   i - +2 cloak
rCorr   +          Rampage  .   E - +0 pair of gloves
Will    +....                   m - +0 pair of boots
Stlth   ..........              o - amulet of the acrobat
HPRegen 0.33/turn               X - ring "Zionuas" {rPois rF+ rN+ SInv}
MPRegen 0.14/turn               j - +6 ring of dexterity

@: berserking (expiring), under a protective aura, flying, lightly drained, very
quick
A: sickness immunity, AC +11, big wings, negative energy resistance 1,
electricity resistance, torment resistance 1, petrification resistance
a: Renounce Religion, Berserk, Trog's Hand, Brothers in Arms


You were on level 5 of the Lair of Beasts.
You worshipped Trog.
Trog was extremely pleased with you.
You visited 2 branches of the dungeon, and saw 15 of its levels.
You also visited: Ossuary.

You collected 916 gold pieces.

Inventory:

Hand Weapons
 a - a +2 flail of protection (weapon)
 d - a +0 sling
 H - a +1 morningstar
Missiles
 q - 4 curare-tipped darts
 u - 4 atropa-tipped darts
 y - 15 boomerangs (quivered)
 A - 29 poisoned darts
 C - 3 silver javelins
 M - 3 silver boomerangs
 S - 6 javelins
Armour
 g - +0 acid dragon scales (worn)
 i - a +2 cloak (worn)
 l - a +0 kite shield (worn)
 m - a +0 pair of boots (worn)
 s - a +2 helmet (worn)
 E - a +0 pair of gloves (worn)
 V - a scarf of invisibility
Jewellery
 j - a +6 ring of dexterity (right hand)
 o - an amulet of the acrobat (around neck)
 x - the ring of the City {rElec rN+ Str+8 Dex-4}
   (You found it on level 5 of the Lair of Beasts)

   [ring of positive energy]

   Str:       It affects your strength (+8).
   Dex:       It affects your dexterity (-4).
   rElec:     It insulates you from electricity.
   rN:        It protects you from negative energy.
 J - a ring of resist corrosion
 K - a ring of protection from fire
 L - a ring of positive energy
 P - a +4 ring of protection
 R - a +4 ring of slaying
 X - the ring "Zionuas" (left hand) {rPois rF+ rN+ SInv}
   (You found it on level 10 of the Dungeon)

   [ring of see invisible]

   rF:        It protects you from fire.
   rPois:     It protects you from poison.
   rN:        It protects you from negative energy.
   SInv:      It lets you see invisible.
 Z - a +4 ring of evasion
Wands
 b - a wand of quicksilver (5)
 r - a wand of iceblast (11)
 t - a wand of charming (8)
 I - a wand of mindburst (7)
 N - a wand of flame (26)
 W - a wand of polymorph (3)
Scrolls
 c - 4 scrolls of teleportation
 e - 2 scrolls of butterflies
 h - 3 scrolls of poison
 n - 4 scrolls of enchant weapon
 w - a scroll of silence
 G - 2 scrolls of magic mapping
 O - 3 scrolls of immolation
 Q - a scroll of blinking
 T - a scroll of brand weapon
Potions
 f - a potion of might {unknown}
 k - 2 potions of curing
 p - 4 potions of heal wounds
 v - 5 potions of attraction
 z - a potion of mutation
 B - 4 potions of lignification
 D - 5 potions of haste
 F - 2 potions of magic {unknown}
 U - 2 potions of cancellation {unknown}
 Y - 3 potions of ambrosia


   Skills:
 + Level 12.0 Fighting
 * Level 11.7 Maces & Flails
 * Level 16.1 Armour
 + Level 9.1 Dodging
 + Level 13.8 Shields


You had 14 spell levels left.
You didn't know any spells.
Your spell library was empty.

Dungeon Overview and Level Annotations

Branches:
Dungeon (10/15)            Temple (0/1) D:6            Lair (5/5) D:8
  Swamp (0/4) Lair:3        Snake (0/4) Lair:2        Slime (0/5) Lair:5
Ossuary (visited)
    Orc: D:9-12

Altars:
Ashenzari
Kikubaaqudgha
Makhleb
Nemelex Xobeh
Okawaru
Qazlal
Ru
Sif Muna
Wu Jian
Xom
Yredelemnul
Zin
The Shining One
Jiyva

Shops:
D:6 [

Annotations:
D:6 3 runed translucent doors, ThatPearl's ghost, novice DsGl


Innate Abilities, Weirdness & Mutations

You are immune to sickness and miasma.
Your stone body is resilient. (AC +11)
You are immune to poison.
Your large and strong wings let you fly.
You resist negative energy. (rN+)
You are resistant to electric shocks. (rElec)
You are resistant to unholy torment.
You are immune to petrification.


Message History

* * * LOW HITPOINT WARNING * * *
You hold your ground!
You block the dire elephant simulacrum's attack. x2
The dire elephant simulacrum closely misses you.
You thump the dire elephant simulacrum!
The dire elephant simulacrum is almost destroyed.
The dire elephant simulacrum misses you.
You block the dire elephant simulacrum's attack.
You sock the dire elephant simulacrum!
The dire elephant simulacrum vaporises!
You block the dire elephant simulacrum's attack.
The dire elephant simulacrum trunk-slaps you but does no damage.
The dire elephant simulacrum closely misses you.
The dire elephant simulacrum trunk-slaps you but does no damage.
You sock the dire elephant simulacrum!
The dire elephant simulacrum is moderately damaged.
You bludgeon the dire elephant simulacrum!!
The dire elephant simulacrum is almost destroyed.
You block the dire elephant simulacrum's attack. x2
The dire elephant simulacrum tramples you but does no damage.
The dire elephant simulacrum trunk-slaps you.
* * * LOW HITPOINT WARNING * * *
The dire elephant simulacrum freezes you!!
* * * LOW HITPOINT WARNING * * *
You are too berserk!
Unknown command.
You sock the dire elephant simulacrum!
You feel the power of Trog in you as your rage grows.
The dire elephant simulacrum vaporises!
You block the dire elephant simulacrum's attack.
The dire elephant simulacrum trunk-slaps you but does no damage.
You bludgeon the dire elephant simulacrum!!
The dire elephant simulacrum is moderately damaged.
The necromancer gestures at you while chanting.
The bolt of negative energy hits you. You partially resist.
You feel drained.
* * * LOW HITPOINT WARNING * * *
You sock the dire elephant simulacrum!
The dire elephant simulacrum is severely damaged.
The dire elephant simulacrum tramples you!
You die...

####### ♣♣.....### ##♣♣PP......##
#P♣..........### #.....#.#......#
...♣♣####''#''###################
♣.♣♣ #8..#....8##.~~##8...8##..
#(## #...#P..°@°p.~≈~'..p(}#8..
#.## #.#.####Z8#.~≈≈≈'...[!#}..
########'#....####.≈≈≈≈#8...8#.?.
###8.)P..####....#~~~~.#######8..
#.....P# ####.###~.###8.8###.. #
#8...P.##♣♣###...#####8.⌠.8####
##########♣....###...............
.##♣###♣♣.......♣########'''#####
................................♣


You could see a necromancer and a dire elephant simulacrum.

Vanquished Creatures
  4 dire elephants
  Josephine (Lair:4)
  6 hydras
  14 death yaks
  Sonja (Lair:4)
  A spectral anaconda (Lair:5)
  An obsidian statue (Lair:5)
  3 necromancers (Lair:5)
  Joseph (D:8)
  7 black mambas
  11 elephants
  15 cane toads
  A torpor snail (Lair:5)
  5 orange demons (D:10)
  15 komodo dragons
  A dire elephant skeleton (Lair:5)
  4 rime drakes
  3 red devils (D:10)
  6 polar bears
  Grinder (D:6)
  29 blink frogs
  A spectral elephant (Lair:5)
  2 slime creatures
  11 dream sheep (Lair:5)
  A dire elephant simulacrum (Lair:5)
  6 basilisks
  4 wraiths (Lair:4)
  2 wyverns
  Eustachio (D:4)
  2 steam dragons
  54 yaks
  Grum (Lair:1)
  7 vampire mosquitoes
  A spectral cane toad (Lair:5)
  Edmund (D:4)
  24 water moccasins
  2 acid dragons
  An orc warrior (D:10)
  A swamp drake (Lair:4)
  A black bear (Lair:3)
  2 ice beasts (D:9)
  2 elephant zombies (Lair:5)
  3 ogres
  32 wolves
  2 centaurs
  3 elf zombies (Ossuary)
  13 bullfrogs
  A cane toad simulacrum (Lair:5)
  2 gnoll sergeants (D:8)
  A necrophage (D:4)
  3 scorpions
  12 wights
  15 killer bees
  3 elephant simulacra (Lair:5)
  10 hounds
  3 jellies
  A centaur zombie (Ossuary)
  A human zombie (Ossuary)
  5 orc priests
  A gnoll bouda (D:3)
  Jessica (D:2)
  14 iguanas
  5 orc wizards
  A mummy (Ossuary)
  Robin (D:1)
  15 gnolls
  9 adders
  3 white imps
  3 ufetubi
  4 worms
  A dart slug (D:3)
  30 orcs
  5 endoplasms
  7 giant cockroaches
  10 goblins
  11 hobgoblins
  3 quokkas
  12 ball pythons
  5 bats
  21 frilled lizards
  10 hobgoblin zombies (Ossuary)
  3 jackal zombies (Ossuary)
  10 kobolds
  10 kobold zombies (Ossuary)
  8 orc zombies (Ossuary)
  2 rats
  A rat zombie (Ossuary)
573 creatures vanquished.

Vanquished Creatures (others)
  Maurice (D:10)
  A bush (Lair:5)
  51 fungi
  90 plants
  28 withered plants (Lair:5)
171 creatures vanquished.

Grand Total: 744 creatures vanquished

Notes
Turn   | Place    | Note
-------+----------+-------------------------------------------
     0 | D:1      | KittyFluff the Gargoyle Berserker began the quest for the
                  | Orb.
     0 | D:1      | Reached XP level 1. HP: 14/14 MP: 1/1
   271 | D:1      | Found a faded altar of an unknown god.
   276 | D:1      | Reached XP level 2. HP: 17/19 MP: 2/2
   675 | D:2      | Noticed Jessica
   686 | D:2      | Killed Jessica
   687 | D:2      | Reached skill level 3 in Armour
   687 | D:2      | Reached XP level 3. HP: 23/23 MP: 3/3
   805 | D:2      | Reached XP level 4. HP: 19/29 MP: 4/4
  1038 | D:2      | Noticed Robin
  1142 | D:1      | Reached ** piety under Trog
  1178 | D:1      | Killed Robin
  1461 | D:2      | Reached XP level 5. HP: 30/33 MP: 5/5
  1577 | D:3      | Reached skill level 4 in Armour
  2078 | D:3      | Found an ornate altar of the Wu Jian Council.
  2196 | D:3      | Found a broken altar of Ashenzari.
  2349 | D:3      | Found an ancient bone altar of Kikubaaqudgha.
  2627 | D:4      | Found a sand-covered staircase.
  2689 | Ossuary  | Entered an ossuary
  2821 | Ossuary  | Reached *** piety under Trog
  2959 | Ossuary  | Reached XP level 6. HP: 34/39 MP: 6/6
  3228 | Ossuary  | Reached skill level 5 in Armour
  3479 | Ossuary  | Reached XP level 7. HP: 30/44 MP: 7/7
  3826 | D:4      | Reached **** piety under Trog
  3903 | D:4      | Found a sparkling altar of Nemelex Xobeh.
  3903 | D:4      | Found a stormy altar of Qazlal.
  3940 | D:4      | Reached skill level 5 in Fighting
  4166 | D:3      | Reached skill level 6 in Armour
  4649 | D:4      | Found a glowing silver altar of Zin.
  4658 | D:4      | Noticed Edmund
  4678 | D:4      | Killed Edmund
  4679 | D:4      | Reached XP level 8. HP: 15/50 MP: 8/8
  4983 | D:4      | Noticed Eustachio
  5018 | D:4      | Killed Eustachio
  5019 | D:4      | Reached skill level 5 in Maces & Flails
  5183 | D:5      | Entered Level 5 of the Dungeon
  5607 | D:5      | Reached skill level 7 in Armour
  5724 | D:5      | Reached skill level 1 in Shields
  5891 | D:6      | Found a basalt altar of Yredelemnul.
  6311 | D:6      | Found Wuaf's Armour Boutique.
  6341 | D:6      | Found a runed translucent gate.
  6341 | D:6      | Found a runed translucent gate.
  6341 | D:6      | Found a runed translucent gate.
  6343 | D:6      | Noticed ThatPearl's ghost (novice DsGl)
  6422 | D:6      | Found a sacrificial altar of Ru.
  6474 | D:6      | Found a staircase to the Ecumenical Temple.
  6655 | D:6      | Found a shimmering altar of Xom.
  6655 | D:6      | Found a glowing golden altar of the Shining One.
  6657 | D:6      | Found a burning altar of Makhleb.
  6710 | D:6      | Reached XP level 9. HP: 51/55 MP: 9/9
  6858 | D:6      | Found an iron altar of Okawaru.
  6929 | D:6      | Noticed Grinder
  6946 | D:6      | Killed Grinder
  6947 | D:6      | Reached skill level 8 in Armour
  8548 | D:7      | Reached skill level 5 in Shields
  8589 | D:7      | Reached skill level 9 in Armour
  8668 | D:7      | Reached skill level 5 in Dodging
  8668 | D:7      | Reached XP level 10. HP: 63/63 MP: 10/10
  8915 | D:8      | Found a staircase to the Lair.
  9272 | D:8      | Noticed Joseph
  9296 | D:8      | Killed Joseph
  9506 | D:8      | Identified the +7 dagger of Scorn {elec, *Rage rPois rN+
                  | Int+2}
  9617 | D:8      | Reached skill level 10 in Armour
  9622 | D:8      | Reached ***** piety under Trog
 10819 | D:10     | Entered Level 10 of the Dungeon
 10999 | D:9      | Reached XP level 11. HP: 68/68 MP: 11/11
 11749 | D:10     | Reached skill level 11 in Armour
 11816 | D:10     | Noticed Maurice
 11831 | D:10     | Killed Maurice
 12081 | D:10     | Identified the ring "Zionuas" {rPois rF+ rN+ SInv}
 13212 | Lair:1   | Entered Level 1 of the Lair of Beasts
 13563 | Lair:1   | Reached XP level 12. HP: 76/76 MP: 12/12
 13574 | Lair:1   | Received a gift from Trog
 13602 | Lair:1   | Reached skill level 12 in Armour
 13918 | Lair:1   | Noticed a six-headed hydra
 13930 | Lair:1   | Killed a six-headed hydra
 14278 | Lair:1   | Reached skill level 10 in Shields
 14280 | Lair:1   | Noticed Grum
 14299 | Lair:1   | Killed Grum
 14580 | Lair:1   | Noticed a six-headed hydra
 14591 | Lair:1   | Killed a six-headed hydra
 14906 | Lair:2   | Found a staircase to the Snake Pit.
 15505 | Lair:2   | Reached skill level 13 in Armour
 15892 | Lair:2   | Reached XP level 13. HP: 81/82 MP: 13/13
 15938 | Lair:2   | Reached skill level 10 in Fighting
 16322 | Lair:2   | Received a gift from Trog
 16826 | Lair:3   | Found a shimmering blue altar of Sif Muna.
 16913 | Lair:3   | Found a staircase to the Swamp.
 18127 | Lair:2   | Reached skill level 14 in Armour
 18588 | Lair:4   | Noticed Sonja
 18647 | Lair:4   | Killed Sonja
 20082 | Lair:4   | Reached skill level 10 in Maces & Flails
 20229 | Lair:4   | Gained mutation: Your large and strong wings let you fly.
                  | [Gargoyle growth]
 20229 | Lair:4   | Reached XP level 14. HP: 81/88 MP: 14/14
 20782 | Lair:4   | Noticed Josephine
 20813 | Lair:4   | Killed Josephine
 21232 | Lair:5   | Entered Level 5 of the Lair of Beasts
 21245 | Lair:4   | Received a gift from Trog
 21723 | Lair:5   | Found a viscous altar of Jiyva.
 21724 | Lair:5   | Found a staircase to the Slime Pits.
 22050 | Lair:5   | Reached skill level 15 in Armour
 24281 | Lair:5   | Noticed a dire elephant
 24281 | Lair:5   | Noticed a dire elephant
 24281 | Lair:5   | Noticed a dire elephant
 24458 | Lair:5   | Noticed a dire elephant
 24609 | Lair:4   | Killed a dire elephant
 24775 | Lair:5   | Reached XP level 15. HP: 96/96 MP: 15/15
 25070 | Lair:5   | Received a gift from Trog
 25386 | Lair:5   | Identified the ring of the City {rElec rN+ Str+8 Dex-4}
 25432 | Lair:5   | Reached skill level 16 in Armour
 25545 | Lair:5   | HP: 6/144 [dire elephant simulacrum[a necromancer] (18)]
 25547 | Lair:5   | HP: 2/142 [necromancer/bolt of negative energy (4)]
 25548 | Lair:5   | Mangled by a dire elephant simulacrum

Illustrated notes

Levels and vault maps discovered:
D:1:      dpeg_arrival_houses_and_road, layout_rooms,
          ebering_ecumenical_altar_sacrificial, minmay_tree_intersection,
          nicolae_concentric_dashed_squares_wild
D:2:      layout_basic, uniq_jessica, uniq_robin
D:3:      layout_loops_corners, ashenzari_conservatory_becter,
          amcnicky_altar_gilded, nzn_wu_jian_contemplation,
          serial_bayou_lagoon_a
D:4:      layout_basic, zin_academy, mainiacjoe_overflow_divided_tiny,
          nicolae_ossuary_entry_ruins, portal_sewer_entry_f, nicolae_titane,
          uniq_eustachio, uniq_edmund
D:5:      layout_cave_pools
D:6:      layout_basic, mainiacjoe_overflow_small_starburst,
          mainiacjoe_overflow_surrounded_room, lemuel_round_altar,
          nicolae_overflow_hidden_temple, temple_fountains,
          ebering_ghost_rock_garden, serial_shops, nicolae_shop_crystal,
          uniq_grinder
D:7:      layout_cave_pods
D:8:      layout_loops_corners, minmay_lair_entry_grove, uniq_joseph
D:9:      layout_basic, serial_ice, serial_ice_m, serial_ice_o, serial_ice_c,
          serial_ice_d, serial_ice_h, serial_ice_g
D:10:     layout_loops_ring, minmay_misc_feat_ornament,
          minmay_beelzebubs_servants, uniq_maurice
Lair:1:   layout_cave_pods, grunt_megastairs_3, infiniplex_staircase_pool,
          uniq_grum
Lair:2:   beast_lair_carwin_large_1, layout_hall_layers,
          minmay_snake_entry_six_corridors
Lair:3:   layout_small_grid, minmay_swamp_entry_swarm, lemuel_altar_in_water2,
          minivault_25
Lair:4:   lemuel_reptile_caves, layout_cave_pods, minmay_holes, uniq_sonja,
          uniq_josephine
Lair:5:   due_jungle_book, layout_regular_city, minmay_slime_entry_pillars

Skill      XL: |  1  2  3  4  5  6  7  8  9 10 11 12 13 14 15 |
---------------+----------------------------------------------+-----
Armour         | 3 4 5 6 7 9 10 11 13 14 15 16 | 16.1
Dodging        | 2 3 4 5 6 7 8 9 |  9.1
Fighting       | 4 5 6 7 8 9 10 11 12 | 12.0
Maces & Flails | 4 5 6 7 8 9 10 11 | 11.7
Shields        | 2 5 7 9 11 12 13 | 13.8

Action                   |  1- 3 |  4- 6 |  7- 9 | 10-12 | 13-15 || total
-------------------------+-------+-------+-------+-------+-------++-------
Melee: Mace              |    61 |   407 |   382 |       |       ||   850
       Punch             |       |     5 |       |       |       ||     5
       Flail             |       |       |   120 |  1065 |  1690 ||  2875
 Fire: Sling             |       |       |       |       |     2 ||     2
Throw: Stone             |       |       |     9 |    41 |    34 ||    84
       Dart              |       |       |       |       |    30 ||    30
       Boomerang         |       |       |       |       |    32 ||    32
Invok: Berserk           |       |       |     1 |     3 |     7 ||    11
Evoke: Wand              |       |       |       |     2 |       ||     2
  Use: Potion            |       |       |     2 |     3 |     3 ||     8
       Scroll            |       |       |     9 |     3 |    15 ||    27
 Stab: Sleeping          |       |     2 |       |       |       ||     2
       Distracted        |       |       |       |       |     1 ||     1
Armor: Animal skin       |    27 |   260 |    57 |       |       ||   344
       Leather armour    |       |       |    41 |       |       ||    41
       Ring mail         |       |       |   243 |    54 |       ||   297
       Scale mail        |       |       |       |   219 |       ||   219
       Steam dragon scal |       |       |       |    88 |       ||    88
       Acid dragon scale |       |       |       |   239 |   749 ||   988
Dodge: Dodged            |    36 |   267 |   349 |   598 |   906 ||  2156
Block: Kite shield       |       |    78 |   281 |   717 |  1135 ||  2211
